 Dungeon Sprint DCSS version 0.28.0-49-g6dfe1f597d (webtiles) character file.

Game seed: 18092145065722326414

190 Zeld the Chopper (level 5, -11/50 HPs)
             Began as a Minotaur Monk on May 18, 2022.
             Was a Believer of Makhleb.
             Killed from afar by a deep elf knight (24 damage)
             ... with a shard of ice
             ... in the Dungeon (Sprint V: "Ziggurat Sprint").
             The game lasted 00:02:10 (272 turns).

Zeld the Chopper (Minotaur Monk)                     Turns: 272, Time: 00:02:10

Health: -11/50     AC: 19    Str: 30    XL:     5   Next: 41%
Magic:  7/7        EV:  2    Int:  7    God:    Makhleb [**....]
Gold:   0          SH: 13    Dex: 12    Spells: 4/4 levels left

rFire   . . .      SeeInvis +   E - +14 obsidian axe {vorpal, Mesm Drain Fly SInv}
rCold   . . .      Faith    .   i - +3 tower shield
rNeg    . . .      Spirit   .   h - +5 crystal plate armour
rPois   .          Reflect  .   (helmet restricted)
rElec   .          Harm     .   (no cloak)
rCorr   .          Rampage  .   (no gloves)
Will    .....      NoTele   +   (no boots)
Stlth   ..........              (no amulet)
HPRegen 0.16/turn               B - +6 ring of strength
MPRegen 0.10/turn               C - +6 ring of strength

@: flying, mesmerised
A: horns 2, retaliatory headbutt
a: Renounce Religion, Minor Destruction


You were in the Dungeon.
You worshipped Makhleb.
Makhleb was pleased with you.
You visited 1 branch

Inventory:

Hand Weapons
 E - the +14 obsidian axe (weapon) {vorpal, Mesm Drain Fly SInv}
   (You found it in the Dungeon)

   It inflicts extra damage upon your enemies.
   It occasionally summons demons to assist the wielder when it strikes in
   combat.
   Its wielder is mesmerised by any visible foes.
   It cannot be unequipped while any foes are visible.
   SInv:      It lets you see invisible.
   Fly:       It grants you flight.
   Drain:     It drains your maximum health when unequipped.
Armour
 h - a +5 crystal plate armour (worn)
 i - a +3 tower shield (worn)
Jewellery
 B - a +6 ring of strength (left hand)
 C - a +6 ring of strength (right hand)
Wands
 t - a wand of mindburst (7)
 u - a wand of iceblast (7)
 v - a wand of acid (7)
Scrolls
 g - 4 scrolls of blinking
 j - 4 scrolls of amnesia
 k - 7 scrolls of fog
 l - a scroll of holy word
 m - 5 scrolls of identify
 n - 2 scrolls of fear
Potions
 b - 10 potions of curing
 c - 10 potions of heal wounds
 d - 6 potions of haste
 e - 7 potions of magic
 f - 2 potions of berserk rage
 o - 2 potions of brilliance
 p - 2 potions of invisibility
 q - 4 potions of resistance
 s - 5 potions of might
Miscellaneous
 D - a lightning rod (4/4)


   Skills:
 + Level 5.8 Fighting
 * Level 6.2 Axes
 + Level 5.2 Dodging
 + Level 3.7 Stealth
 + Level 5.2 Unarmed Combat
 * Level 5.1 Invocations
 * Level 4.7 Evocations


You had 4 spell levels left.
You didn't know any spells.
Your spell library was empty.

Dungeon Overview and Level Annotations

Branches:
Dungeon (1/1)

Altars:
Ashenzari
Cheibriados
Dithmenos
Elyvilon
Fedhas
Gozag
Hepliaklqana
Kikubaaqudgha
Makhleb
Nemelex Xobeh
Okawaru
Qazlal
Ru
Sif Muna
Trog
Uskayaw
Vehumet
Wu Jian
Xom
Yredelemnul
Zin
The Shining One
Beogh
Jiyva
Lugonu

Annotations:
D 1 transporter


Innate Abilities, Weirdness & Mutations

You have a pair of horns on your head.
You reflexively headbutt those who attack you in melee.


Message History

Unknown command.
You are too injured to fight recklessly!
Aiming: Minor Destruction (1% risk of failure)
Press: ? - help, Shift-Dir - straight line, f - deep elf knight
Aim: a deep elf knight, wielding a +0 long sword, wearing a +0 ring mail and wearing a +0 buckler (mesmerising)
The deep elf knight resists with almost no effort.
The deep elf knight casts a spell at you.
You block the shard of ice.
The deep elf zephyrmancer hits you but does no damage.
The deep elf knight casts a spell.
The deep elf knight flickers and vanishes for a moment.
Unknown command.
Unknown command.
Okay, then.
Level annotation: 1 transporter Welcome back, Zeld the Minotaur Monk.
Blood and souls for Makhleb!
Press ? for a list of commands and other information.
Okay, then.
You don't know any spells.
Unknown command.
You barely miss the deep elf knight. You slice the deep elf zephyrmancer!!
The deep elf zephyrmancer mumbles some strange words.
The deep elf zephyrmancer blinks!
The deep elf knight shoots an arrow.
You block the arrow.
The deep elf knight gestures wildly while chanting.
The deep elf knight seems to speed up.
The deep elf knight mumbles some strange words.
The deep elf knight seems to speed up.
Unknown command.
You slice the deep elf knight!!
The deep elf knight is heavily wounded.
You completely miss the deep elf zephyrmancer.
The deep elf knight hits you but does no damage.
The deep elf knight shoots an arrow.
The arrow hits you but does no damage.
You block the deep elf zephyrmancer's attack.
The deep elf knight hits you but does no damage.
The deep elf knight casts a spell at you.
The shard of ice hits you!!
You die...

▓▓▓▓▓▓▓▓▓▓▓▓▓
▓.8©8.▓.8©8.▓
▓.)|}.▓.....▓
▓..e..▓.).=.▓
▓...§.▓.....▓
▓..@e.▓.††..▓
▓..e..▓..©..▓
▓..©..▓▓▓▓▓▓▓
▓▓▓▓▓▓▓


You could see 2 deep elf knights and a deep elf zephyrmancer.

Vanquished Creatures
  A yak (D)
  An iguana (D)
2 creatures vanquished.

Notes
Turn   | Place    | Note
-------+----------+-------------------------------------------
     0 | D        | Zeld the Minotaur Monk began the quest for the Orb.
     0 | D        | Reached XP level 1. HP: 19/19 MP: 0/0
     3 | D        | Found a blossoming altar of Fedhas.
     3 | D        | Found the +6 Majin-Bo {vamp, MP+6 Int+6}
     3 | D        | Found the +9 heavy crossbow "Sniper" {vorpal, Acc+∞ SInv}
     3 | D        | Found the +10 dark maul {vorpal}
     3 | D        | Found the +15 Maxwell's patent armour {-Cast -Tele rElec
                  | Will+ rCorr}
     3 | D        | Found the +18 shield of the Gong {rElec rN+ Will+ EV-5}
     3 | D        | Found the +14 obsidian axe {vorpal, Mesm Drain Fly SInv}
     3 | D        | Found the +7 great mace "Firestarter" {inner flame, rF++}
     3 | D        | Found the +6 shillelagh "Devastator" {shatter}
     3 | D        | Found the +11 plutonium sword {Contam Stlth-}
     3 | D        | Found the +8 lance "Wyrmbane" {slay drac, rPois rF+ rC+
                  | AC+3}
     3 | D        | Found the +9 sword of Zonguldrok {reap}
     3 | D        | Found the +13 scythe of Curses {drain, Drain}
     3 | D        | Found the +5 sword of Power {vorpal}
     3 | D        | Found the +7 mace of Variability {chain chaos}
     3 | D        | Found the +7 Singing Sword {vorpal, sonic wave}
     3 | D        | Found the +8 storm bow {elec, penet}
     7 | D        | Found a viscous altar of Jiyva.
     7 | D        | Found a hazy altar of Hepliaklqana.
     7 | D        | Found a transporter.
     7 | D        | Found an opulent altar of Gozag.
     7 | D        | Found an ancient bone altar of Kikubaaqudgha.
     7 | D        | Found a corrupted altar of Lugonu.
    11 | D        | Found a burning altar of Makhleb.
    12 | D        | Found a sacrificial altar of Ru.
    12 | D        | Found a shimmering blue altar of Sif Muna.
    12 | D        | Found a stormy altar of Qazlal.
    12 | D        | Found a bloodstained altar of Trog.
    12 | D        | Found an iron altar of Okawaru.
    12 | D        | Found a sparkling altar of Nemelex Xobeh.
    36 | D        | Became a worshipper of Makhleb the Destroyer
    36 | D        | Reached * piety under Makhleb
    36 | D        | Reached ** piety under Makhleb
    63 | D        | Reached skill level 3 in Axes
    63 | D        | Reached XP level 2. HP: 28/28 MP: 0/3
   118 | D        | Entered arena 2.
   118 | D        | Noticed a yak
   118 | D        | Found a transporter.
   121 | D        | Killed a yak
   122 | D        | Reached skill level 5 in Fighting
   122 | D        | Reached skill level 6 in Axes
   122 | D        | Reached skill level 5 in Dodging
   122 | D        | Reached skill level 5 in Unarmed Combat
   122 | D        | Reached skill level 5 in Invocations
   122 | D        | Reached XP level 3. HP: 37/37 MP: 3/5
   122 | D        | Reached XP level 4. HP: 44/44 MP: 3/6
   122 | D        | Reached XP level 5. HP: 50/50 MP: 3/7
   267 | D        | Entered arena 3.
   267 | D        | Noticed a deep elf knight
   267 | D        | Noticed a deep elf knight
   267 | D        | Noticed a deep elf zephyrmancer
   267 | D        | Found a transporter.
   272 | D        | Killed from afar by a deep elf knight

Illustrated notes

Levels and vault maps discovered:
D:        sprint_v [room_start, room_1, room_2, room_3, room_4, room_5, room_6,
          room_7, room_8, room_9, room_10, room_11, room_12, room_13, room_14,
          room_15, room_16, room_17, room_18, room_19, room_20, room_21,
          room_22, room_23, room_24, room_25, room_26, room_27]

Skill      XL: |  1  2 |
---------------+-------+-----
Fighting       | 4 5 |  5.8
Axes           | 3 6 |  6.2
Dodging        | 4 5 |  5.2
Stealth        | 2 3 |  3.7
Unarmed Combat | 4 5 |  5.2
Invocations    | 3 5 |  5.1
Evocations     | 2 4 |  4.7

Action                   |  1- 3 |  4- 6 || total
-------------------------+-------+-------++-------
Melee: Broad axe         |     2 |     3 ||     5
Invok: Minor Destruction |       |     1 ||     1
  Use: Potion            |     2 |       ||     2
Armor: Crystal plate arm |       |     6 ||     6
Block: Tower shield      |     3 |     4 ||     7
